[Event "*** SCC Grand Prix: Titled Tuesday Blitz"]
[Site "Chess.com"]
[Date "2020.07.07"]
[Round "3"]
[White "HanSchut"]
[Black "metalbattler"]
[Result "1-0"]
[WhiteElo "2302"]
[BlackElo "2027"]
[TimeControl "180+1"]
[EndTime "10:28:51 PDT"]
[Termination "HanSchut won on time"]

1. e4 d5 2. exd5 Nf6 3. Bb5+ Bd7 4. Be2 Nxd5 5. d4 c6 6. c4 Nf6 7. Nc3 g6 8. Be3 Bg7 9. Rc1 O-O 10. b3 Re8 11.
Nf3 Bg4 12. O-O Na6 13. h3 Bxf3 14. Bxf3 e5 15. d5 e4 16. Be2 cxd5 17. cxd5 Nc7 18. d6 Ne6 19. Nb5 a6 20. Nc7 Nxc7 21. Rxc7 Re6 22.
Bf4 Ne8 23. Bc4 Nxc7 24. dxc7 Qxd1 25. Rxd1 Ree8 26. Bg5 Kf8 27. Bd8 1-0

[Event "*** SCC Grand Prix: Titled Tuesday Blitz"]
[Site "Chess.com"]
[Date "2020.07.07"]
[Round "3"]
[White "Alexey_Spirin"]
[Black "Nemsko"]
[Result "0-1"]
[WhiteElo "2045"]
[BlackElo "2304"]
[TimeControl "180+1"]
[EndTime "10:28:52 PDT"]
[Termination "Nemsko won by checkmate"]

1. e4 e5 2. Nf3 Nc6 3. Bc4 Bc5 4. O-O Nf6 5. d3 O-O 6. Bb3 a6 7. c3 Ba7 8. Nbd2 d6 9. Re1 Ne7 10. Nf1 Ng6 11. Ng3 Be6 12. Bc2 h6 13. d4 c6 14.
h3 Qc7 15. a4 Rad8 16. Qe2 Rfe8 17. a5 Kh8 18. Qd3 Bc8 19. Ra4 Bd7 20. Ra1 Bc8 21.
Ra4 d5 22. exd5 exd4 23. Rxe8+ Rxe8 24. dxc6 dxc3 25. Bb3 Qxg3 26. Bxf7 Qxf2+ 27. Kh1 Re1+ 28. Kh2 Bb8+ 29. Bf4 Bxf4+ 30. Rxf4 Nxf4 31. Qd8+ Kh7 32. Qxc8 Qxg2# 0-1

[Event "*** SCC Grand Prix: Titled Tuesday Blitz"]
[Site "Chess.com"]
[Date "2020.07.07"]
[Round "3"]
[White "vladislavkovalev"]
[Black "superchess02"]
[Result "1-0"]
[WhiteElo "2933"]
[BlackElo "2660"]
[TimeControl "180+1"]
[EndTime "10:28:53 PDT"]
[Termination "vladislavkovalev won by resignation"]

1. e4 e5 2. Nf3 Nc6 3. Bb5 a6 4. Ba4 Nf6 5. O-O Be7 6. d3 O-O 7. Bxc6 bxc6 8. Nxe5 Re8 9. Nc3 Bb7 10. Nf3 d5 11. e5 Nd7 12. Re1 c5 13. e6 fxe6 14.
Rxe6 Bf6 15. Qe2 Kf7 16. Rxe8 Qxe8 17. Qxe8+ Rxe8 18. Bd2 d4 19. Na4 Bxf3 20. gxf3 Re2 21. Rd1 Bh4 22. c3 Ne5 23. Bf4 Nxf3+ 24. Kg2 Rxf2+ 25.
Kh3 dxc3 26. Nxc3 g5 27. Bg3 Rxb2 28. Rf1 Kg6 29. Rxf3 Bxg3 30. hxg3 h5 31. g4 c4 32. dxc4 hxg4+ 33. Kxg4 Rb4 34. Rf6+ Kxf6 35. Nd5+ Ke5 36.
Nxb4 Kd4 37. c5 Kxc5 38. Nxa6+ Kb6 39. Nb4 Kb5 40. Nc2 Ka5 41. Kxg5 c5 42. Kf4 Kb5 43. Ke3 Kc4 44. Kd2 1-0

[Event "*** SCC Grand Prix: Titled Tuesday Blitz"]
[Site "Chess.com"]
[Date "2020.07.07"]
[Round "3"]
[White "biesiadnik"]
[Black "Grieve72"]
[Result "0-1"]
[WhiteElo "2420"]
[BlackElo "2236"]
[TimeControl "180+1"]
[EndTime "10:28:53 PDT"]
[Termination "Grieve72 won by resignation"]

1. e4 c5 2. Nf3 e6 3. c3 Nf6 4.
e5 Nd5 5. d4 cxd4 6. cxd4 d6 7.
Bc4 Be7 8. O-O O-O 9. Qe2 b6 10. Qe4 Ba6 11. Bxd5 exd5 12. Qxd5 Nc6 13. Qxc6 Bxf1 14.
exd6 Bxd6 15. Bg5 Rc8 16. Qe4 Re8 17. Qh4 Bd3 18. Nc3 Qd7 19. Rd1 Bg6 20. Be3 Be7 21. Qg3 Bd6 22. Qh4 Be7 23. Qg3 Bf6 24. h3 h6 25. Rd2 a5 26. Ne5 Bxe5 27. dxe5 Qe6 28. Bf4 Red8 29. Rd6 Rxd6 30. exd6 Rd8 31. Kh2 Rd7 32. a3 Qc4 33. Qe3 f6 34. Qe8+ Bxe8 0-1

[Event "*** SCC Grand Prix: Titled Tuesday Blitz"]
[Site "Chess.com"]
[Date "2020.07.07"]
[Round "3"]
[White "tan275"]
[Black "WilliamSchill"]
[Result "1-0"]
[WhiteElo "2278"]
[BlackElo "1971"]
[TimeControl "180+1"]
[EndTime "10:28:54 PDT"]
[Termination "tan275 won on time"]

1. d4 Nf6 2. c4 g6 3. g3 Bg7 4. Bg2 O-O 5. Nc3 d6 6. Nf3 Nbd7 7. O-O c6 8. e4 e5 9. h3 Qb6 10. d5 cxd5 11. cxd5 Nc5 12. Qe2 Bd7 13. Be3 Rfc8 14. Rfb1 Qa6 15. Qxa6 bxa6 16. Nd2 Rab8 17. Bf1 Bb5 18.
Nxb5 axb5 19. f3 Nh5 20. Kg2 f5 21. g4 fxg4 22. hxg4 Nf4+ 23. Kg3 Bh6 24. b4 Ne2+ 25. Bxe2 Bxe3 26. bxc5 Bxd2 27. cxd6 Bf4+ 28. Kf2 Rc2 29.
d7 Kf8 30. Rxb5 Rd8 31. Rb7 Ke7 32. Rxa7 Rc3 33. a4 Be3+ 34. Kf1 Bxa7 35. a5 Rxd7 36. a6 Rdc7 37. Ke1 Kd6 38. Kf1 Rc1+ 39. Rxc1 Rxc1+ 40.
Kg2 g5 41. Bf1 Be3 42. Be2 1-0

[Event "*** SCC Grand Prix: Titled Tuesday Blitz"]
[Site "Chess.com"]
[Date "2020.07.07"]
[Round "3"]
[White "volkanyirik"]
[Black "ChessArchitect64"]
[Result "1-0"]
[WhiteElo "2243"]
[BlackElo "1873"]
[TimeControl "180+1"]
[EndTime "10:28:54 PDT"]
[Termination "volkanyirik won on time"]

1. e4 c5 2. Nc3 Nc6 3. f4 g6 4. Bc4 Bg7 5. d3 e6 6. Nf3 Nge7 7. O-O O-O 8. Qe1 d5 9. Bb3 b5 10. Nxb5 Qb6 11. c4 a6 12. Nc3 Nd4 13. Nxd4 cxd4 14.
Na4 Qc7 15. exd5 exd5 16. Bd2 Nf5 17. cxd5 Bd7 18. Ba5 Qb7 19. Nb6 Rae8 20. Qd2 Bb5 21. Nc4 Bxc4 22. dxc4 Re3 23. c5 Rfe8 24. c6 Qe7 25.
Bb4 Qh4 26. Bc4 d3 27. d6 Bd4 28. d7 Re2+ 29. Rf2 Bxf2+ 30. Kf1 Rd8 31. Qxd3 Ne3+ 32. Qxe3 Bxe3 33. Kxe2 Qf2+ 34. Kd3 Bb6 35. Bc3 Qe3+ 36. Kc2 Bc7 37. Re1 Qxf4 38. Re8+ 1-0

[Event "*** SCC Grand Prix: Titled Tuesday Blitz"]
[Site "Chess.com"]
[Date "2020.07.07"]
[Round "3"]
[White "MomchilPetkov"]
[Black "Grandelicious"]
[Result "0-1"]
[WhiteElo "2545"]
[BlackElo "2777"]
[TimeControl "180+1"]
[EndTime "10:28:55 PDT"]
[Termination "Grandelicious won by resignation"]

1. e4 c6 2. d4 d5 3. e5 c5 4. dxc5 e6 5. a3 Bxc5 6. Nf3 Ne7 7. Bd3 Ng6 8. b4 Bb6 9. O-O a5 10. Bb2 axb4 11. axb4 Rxa1 12. Bxa1 O-O 13. Re1 Nd7 14. Nc3 Nh4 15. Nb5 Nxf3+ 16. Qxf3 Qh4 17. Bc3 f6 18. g3 Qh6 19. exf6 Nxf6 20. Bd4 Bxd4 21.
Nxd4 e5 22. Rxe5 Ng4 23. Qxd5+ Kh8 24. Rh5 Qc1+ 25. Bf1 Nf6 26. Qf3 Bg4 27. Qf4 Qxf4 28. gxf4 Nxh5 29. Ne6 Bxe6 0-1

[Event "*** SCC Grand Prix: Titled Tuesday Blitz"]
[Site "Chess.com"]
[Date "2020.07.07"]
[Round "3"]
[White "Jospem"]
[Black "Kopytkin"]
[Result "1-0"]
[WhiteElo "2893"]
[BlackElo "2455"]
[TimeControl "180+1"]
[EndTime "10:28:55 PDT"]
[Termination "Jospem won on time"]

1. e4 Nf6 2. e5 Nd5 3. d4 d6 4.
Nf3 g6 5. Be2 Bg7 6. O-O O-O 7.
c4 Nb6 8. exd6 cxd6 9. h3 Nc6 10. d5 Na5 11. Na3 Qc7 12. Nb5 Qd8 13. Nd2 Bd7 14. Na3 Rc8 15. Bd3 Na4 16. Rb1 a6 17. Qf3 e5 18. b4 Nc3 19. bxa5 Nxb1 20. Naxb1 f5 21.
Qe3 Qxa5 22. Ba3 f4 23. Qe2 Qc7 24. Ne4 f3 25. Qe3 fxg2 26. Kxg2 Rf6 27. Nxf6+ Bxf6 28. Nd2 Rf8 29. Ne4 Be7 30. f4 Bf5 31. fxe5 dxe5 32.
Bxe7 Qxe7 33. Ng3 1-0

[Event "*** SCC Grand Prix: Titled Tuesday Blitz"]
[Site "Chess.com"]
[Date "2020.07.07"]
[Round "3"]
[White "BJthechessgod"]
[Black "Stronger1799"]
[Result "1-0"]
[WhiteElo "2328"]
[BlackElo "2508"]
[TimeControl "180+1"]
[EndTime "10:28:57 PDT"]
[Termination "BJthechessgod won by resignation"]

1. e4 c5 2. Nf3 e6 3. d4 cxd4 4. Nxd4 Nf6 5. Nc3 d6 6. Bc4 Nc6 7. Be3 Be7 8. O-O O-O 9. f4 a6 10. Bb3 Na5 11. Qf3 Qc7 12. Rae1 Nxb3 13. axb3 b5 14. e5 dxe5 15. fxe5 Nd7 16. Qxa8 Bb7 17. Ncxb5 axb5 18. Qa1 Qxe5 19. Bf2 Qg5 20. Bg3 Bc5 21. c3 e5 22. b4 Bb6 23. Qa2 exd4 24. Re8 Bd5 25. Rxf8+ Nxf8 26. Qa6 Qg6 27. Qxb5 dxc3+ 28. Kh1 cxb2 29. Qxd5 b1=Q 30. Qf3 Qgd3 31. Qxf7+ 1-0

[Event "*** SCC Grand Prix: Titled Tuesday Blitz"]
[Site "Chess.com"]
[Date "2020.07.07"]
[Round "3"]
[White "Joseacorrea"]
[Black "Tashik"]
[Result "0-1"]
[WhiteElo "1910"]
[BlackElo "2369"]
[TimeControl "180+1"]
[EndTime "10:28:57 PDT"]
[Termination "Tashik won on time"]

1. c4 c5 2. Nc3 Nf6 3. Nf3 e6 4. e3 d5 5. cxd5 exd5 6. d4 Nc6 7.
g3 Bg4 8. Bg2 cxd4 9. exd4 Be7 10.
O-O O-O 11. h3 Be6 12. Ng5 Qb6 13. Nxe6 fxe6 14. Ne2 Ne4 15. Bxe4 dxe4 16. Qc2 Nxd4 17. Qxe4 Bc5 18. Nxd4 Bxd4 19. Be3 Bxe3 20. Qxe3 Qxb2 21. Qxe6+ Rf7 22. Rab1 Qf6 23. Qxf6 gxf6 24. Rfe1 b6 25. Re4 Rd8 26. Rbe1 Kf8 27. R1e2 Rd5 28. Re8+ Kg7 29. Kg2 b5 30. Ra8 b4 31. Rb2 Rb7 32. a3 b3 0-1

[Event "*** SCC Grand Prix: Titled Tuesday Blitz"]
[Site "Chess.com"]
[Date "2020.07.07"]
[Round "3"]
[White "Matols"]
[Black "guillembaches"]
[Result "0-1"]
[WhiteElo "2169"]
[BlackElo "2436"]
[TimeControl "180+1"]
[EndTime "10:28:57 PDT"]
[Termination "guillembaches won by resignation"]

1. d4 Nf6 2. c4 e6 3. g3 d5 4. Nf3 Bb4+ 5. Bd2 Be7 6. Bg2 O-O 7. O-O c6 8. Qc2 b6 9. Bf4 Ba6 10. b3 Nbd7 11. Nbd2 Rc8 12. Rfd1 c5 13. Qb2 cxd4 14. Qxd4 Bc5 15. Qb2 Qe7 16. Ne5 Nxe5 17. Bxe5 Rfd8 18.
e3 Ba3 19. Qc3 Ne8 20. g4 Bb4 21. Qb2 Ba3 22. Qc3 b5 23. Rab1 dxc4 24. bxc4 bxc4 25. Qa5 c3 26. Bxc3 Be2 27. Re1 Bxg4 28. Be5 Bd6 29. Nb3 Bf5 30. Bxd6 Nxd6 31. Qe5 Bxb1 32. Rxb1 Nc4 33.
Qg3 h6 34. Be4 Qg5 0-1

[Event "*** SCC Grand Prix: Titled Tuesday Blitz"]
[Site "Chess.com"]
[Date "2020.07.07"]
[Round "3"]
[White "quesfr"]
[Black "Evachess2006"]
[Result "1-0"]
[WhiteElo "2214"]
[BlackElo "1619"]
[TimeControl "180+1"]
[EndTime "10:28:57 PDT"]
[Termination "quesfr won by checkmate"]

1. e4 e5 2. Nf3 Nc6 3. Bb5 a6 4. Ba4 Nf6 5. O-O b5 6. Bb3 Be7 7. d3 O-O 8. Bd2 d5 9. exd5 Nxd5 10.
Nc3 Be6 11. Qe2 Nxc3 12. Bxc3 Bxb3 13. axb3 f6 14. Rfe1 Bc5 15. Qe4 Qd7 16. Ra2 Rfe8 17. Rea1 b4 18. Bd2 a5 19. h3 Nd4 20. Nxd4 Bxd4 21.
Rxa5 Rxa5 22. Rxa5 Bxb2 23. Qc4+ Kh8 24. Bxb4 Qd4 25. Qxd4 Bxd4 26. Kf1 Rc8 27. Ke2 c5 28. Bd2 f5 29. c3 e4 30. cxd4 cxd4 31. Rxf5 exd3+ 32. Kxd3 Rf8 33. Rxf8# 1-0

[Event "*** SCC Grand Prix: Titled Tuesday Blitz"]
[Site "Chess.com"]
[Date "2020.07.07"]
[Round "3"]
[White "Lion-Al-Messi"]
[Black "tigra"]
[Result "0-1"]
[WhiteElo "2441"]
[BlackElo "2786"]
[TimeControl "180+1"]
[EndTime "10:28:58 PDT"]
[Termination "tigra won by resignation"]

1. e4 c5 2. Nf3 d6 3. d4 cxd4 4. Nxd4 Nf6 5. Nc3 a6 6. h3 e5 7. Nde2 h6 8. g4 b5 9. Bg2 Bb7 10. O-O Be7 11. Ng3 g6 12. Be3 Nbd7 13. Qd2 h5 14. g5 Nh7 15. h4 Nhf8 16. Rad1 Ne6 17.
Nd5 Bxd5 18. exd5 Nf4 19. Bxf4 exf4 20. Qxf4 Rc8 21. c3 Rc4 22. Rd4 Ne5 23. Re1 O-O 24. Be4 Re8 25. Rxc4 Nxc4 26. Bf3 Nxb2 27. Ne4 Nd3 28.
Nf6+ Kf8 29. Rxe7 Rxe7 30. Qd4 Re1+ 31. Kg2 Ne5 32. Be4 Qc8 33. f4 Re2+ 34. Kg3 Ng4 35.
Bf3 Re3 36. Nxg4 Qxg4+ 37. Kh2 0-1

[Event "*** SCC Grand Prix: Titled Tuesday Blitz"]
[Site "Chess.com"]
[Date "2020.07.07"]
[Round "3"]
[White "chenxiaoyuer"]
[Black "wild_cat99"]
[Result "0-1"]
[WhiteElo "2404"]
[BlackElo "2605"]
[TimeControl "180+1"]
[EndTime "10:28:58 PDT"]
[Termination "wild_cat99 won by checkmate"]

1. e4 c5 2. Nf3 d6 3. d4 cxd4 4. Nxd4 Nf6 5. Nc3 a6 6. Be2 e6 7.
O-O Qc7 8. a4 b6 9. f4 Bb7 10.
Bf3 Nbd7 11. Kh1 Be7 12. Qe2 O-O 13. Be3 Nc5 14. Bf2 Rac8 15. Bg3 Rfe8 16. e5 Bxf3 17.
Qxf3 Nfd7 18. f5 Nxe5 19. Bxe5 dxe5 20. fxe6 f6 21. Nd5 Qa7 22. Nf5 Nxe6 23. Nfxe7+ Rxe7 24. Nxe7+ Qxe7 25. c3 Ng5 26. Qd5+ Kh8 27. Rad1 h6 28. Qd7 Qxd7 29. Rxd7 Ne4 30. Ra7 a5 31. Kg1 Nc5 32.
Rd1 Nxa4 33. Rdd7 Rg8 34. Rd2 Kh7 35. Rc2 Rc8 36. Rb7 Kg6 37. b3 Nc5 38. Rxb6 a4 39.
bxa4 Nxa4 40. Rb3 Rc4 41. Ra3 Kf5 42. Kf2 Ke4 43. Ke2 f5 44. Rc1 f4 45. Rb3 g5 46.
Rb4 Nxc3+ 47. Rxc3 Rxb4 48. Rc6 Rb2+ 49. Kf1 h5 50.
Rh6 Ke3 51. g3 f3 52. Rd6 Rb1+ 53. Rd1 Rxd1# 0-1

[Event "*** SCC Grand Prix: Titled Tuesday Blitz"]
[Site "Chess.com"]
[Date "2020.07.07"]
[Round "3"]
[White "jonychess03"]
[Black "Thipsay"]
[Result "0-1"]
[WhiteElo "2311"]
[BlackElo "2524"]
[TimeControl "180+1"]
[EndTime "10:28:58 PDT"]
[Termination "Thipsay won by resignation"]

1. c4 g6 2. Nc3 Bg7 3. g3 e5 4. Bg2 Nc6 5. d3 d6 6. Nf3 f5 7. O-O Nf6 8. Rb1 a5 9. a3 O-O 10. Bg5 h6 11. Bxf6 Qxf6 12. Nd5 Qf7 13. b4 axb4 14. axb4 Kh7 15. b5 Nd8 16. b6 c6 17.
Nc7 Rb8 18. Nd2 Ne6 19. Nxe6 Bxe6 20. e3 d5 21. cxd5 Bxd5 22. e4 Ba2 23. Ra1 f4 24. Nf3 Be6 25. Ra5 Bg4 26. Nxe5 Bxd1 27. Nxf7 Be2 28. Re1 f3 29. Nd6 Bc3 30. Rea1 Bxa1 31. Rxa1 fxg2 32. d4 Rfd8 33. e5 Bf3 34. Ra3 Bd5 35. f3 Rd7 36. Kxg2 Rf8 37. Kf2 g5 38. h3 Kg6 39. g4 Rxd6 40. exd6 Kf6 41. Ra7 Rf7 42. Ke3 Ke6 43. d7 Rxd7 44. f4 Kd6 45. fxg5 hxg5 46. Kf2 Rf7+ 47. Kg3 c5 48. dxc5+ Kxc5 49.
h4 Rf3+ 50. Kh2 gxh4 51. g5 Rg3 52. Ra4 Rxg5 53. Rxh4 Kxb6 54. Kh3 Kc5 55. Rh7 b5 56.
Kh4 Rg1 57. Rc7+ Bc6 58. Rf7 b4 59. Rf5+ Bd5 60. Rf4 b3 61. Rf1 Rxf1 0-1

[Event "*** SCC Grand Prix: Titled Tuesday Blitz"]
[Site "Chess.com"]
[Date "2020.07.07"]
[Round "3"]
[White "ItsCheckM8Mate"]
[Black "ShahMatKanal"]
[Result "1/2-1/2"]
[WhiteElo "2262"]
[BlackElo "2498"]
[TimeControl "180+1"]
[EndTime "10:28:58 PDT"]
[Termination "Game drawn by repetition"]

1. e4 c5 2. Nf3 Nc6 3. d4 cxd4 4.
Nxd4 e5 5. Nb5 a6 6. Nd6+ Bxd6 7. Qxd6 Qf6 8. Qxf6 Nxf6 9. Nc3 d5 10. exd5 Nb4 11.
Kd2 Bf5 12. Bd3 Nxd3 13. cxd3 O-O-O 14. Rd1 Nxd5 15. Nxd5 Rxd5 16. Ke2 Rhd8 17. d4 exd4 18. Bf4 Re8+ 19. Kd2 Re7 20. Rac1+ Kd8 21. Re1 Rdd7 22.
Rxe7 Kxe7 23. Rc7 Rxc7 24. Bxc7 Ke6 25. h4 h5 26. g3 Kd5 27. Bb6 Ke4 28. Bc5 Be6 29.
a3 Bc4 30. Bb6 Bf1 31. Bc5 b5 32. Bb6 Bc4 33. Ba7 a5 34. Bb6 a4 35. Bc5 d3 36.
Bf8 g6 37. Bc5 Kf5 38. Be3 f6 39. Bb6 g5 40. Bd8 Kg6 41. Ke3 Kf5 42. Be7 Ke6 43. Bd8 Kf5 44. Be7 Ke6 45. Bd8 Kf5 1/2-1/2

[Event "*** SCC Grand Prix: Titled Tuesday Blitz"]
[Site "Chess.com"]
[Date "2020.07.07"]
[Round "3"]
[White "Semetey"]
[Black "harkerchess"]
[Result "1-0"]
[WhiteElo "2473"]
[BlackElo "2100"]
[TimeControl "180+1"]
[EndTime "10:28:58 PDT"]
[Termination "Semetey won by checkmate"]

1. Nf3 d5 2. g3 Bg4 3. Bg2 e6 4. O-O Nf6 5. c4 c6 6. d3 Be7 7.
Qb3 Qb6 8. Nc3 O-O 9. Be3 Qc7 10. Rac1 Nbd7 11. cxd5 exd5 12. Nxd5 Nxd5 13. Qxd5 Qxg3 14.
Qd4 c5 15. Qc4 b5 16. hxg3 bxc4 17. Rxc4 Be6 18. Ra4 Nb6 19. Ra5 Nd5 20. Bxc5 Bd8 21. Ra4 Re8 22. Nd4 Nb6 23. Bxb6 Bxb6 24. Bxa8 Bd7 25. Bc6 Bxc6 26. Nxc6 Rxe2 27. Re4 Rxe4 28. dxe4 f6 29. Rd1 Kf7 30. Kf1 Kg6 31. b4 a5 32.
a4 Bc5 33. bxc5 h5 34. Nxa5 h4 35. Nc4 hxg3 36. fxg3 f5 37. Kg2 fxe4 38. Ne3 Kf6 39. a5 g6 40. a6 g5 41. a7 g4 42. a8=Q Kg5 43. Qd5+ Kh6 44. Ra1 Kg7 45. Ra6 Kf8 46.
Qb7 Kg8 47. Ra8# 1-0

[Event "*** SCC Grand Prix: Titled Tuesday Blitz"]
[Site "Chess.com"]
[Date "2020.07.07"]
[Round "3"]
[White "JoliyRoger"]
[Black "elohunter1999"]
[Result "0-1"]
[WhiteElo "2254"]
[BlackElo "2453"]
[TimeControl "180+1"]
[EndTime "10:28:58 PDT"]
[Termination "elohunter1999 won by resignation"]

1. Nf3 Nf6 2. c4 e6 3. Nc3 d5 4. cxd5 exd5 5. d4 c6 6. Bg5 Be7 7. Bxf6 Bxf6 8. Qc2 O-O 9. e3 Re8 10. Bd3 h6 11. h3 Nd7 12. O-O Nf8 13. b4 a6 14. a4 a5 15. b5 Be7 16. bxc6 bxc6 17.
Rac1 Bd7 18. Ne2 Bd6 19. Bf5 Ne6 20. Rfd1 Qf6 21. Bd3 Ng5 22. Nxg5 Qxg5 23. Kf1 Rab8 24. Rb1 Rb4 25. Rxb4 Bxb4 26. Ng3 g6 27. e4 h5 28. e5 Rc8 29. Ne2 c5 30. dxc5 Qxe5 31. Bb5 Rxc5 32.
Qd3 Bf5 33. Qf3 Be4 34. Qe3 Qh2 35. f3 Bf5 36. Ng1 Rc2 37. Be2 Bc5 38. Qe8+ Kg7 0-1

[Event "*** SCC Grand Prix: Titled Tuesday Blitz"]
[Site "Chess.com"]
[Date "2020.07.07"]
[Round "3"]
[White "Legendinunknown"]
[Black "Region_07"]
[Result "1-0"]
[WhiteElo "2559"]
[BlackElo "2364"]
[TimeControl "180+1"]
[EndTime "10:28:59 PDT"]
[Termination "Legendinunknown won on time"]

1. e4 Nc6 2. Nf3 d6 3. Bc4 Nf6 4. Nc3 g6 5. d4 Bg7 6. O-O O-O 7.
d5 Nb8 8. h3 Nbd7 9. Be3 c6 10.
Qd2 b5 11. Bb3 b4 12. Ne2 Nxe4 13. Qxb4 cxd5 14. Bxd5 Ba6 15. Rfe1 Nec5 16. Bxa8 Qxa8 17. Bd4 Rb8 18. Qa3 e5 19. Bc3 Bb7 20. Ba5 Bxf3 21.
gxf3 Qd5 22. Rad1 Qe6 23. Kg2 Rc8 24. Bc3 Nf6 25. Ng3 Qe7 26. f4 Ne6 27. fxe5 Nf4+ 28. Kf3 N6h5 29. Qxd6 Qb7+ 30. Ke3 Re8 31. Kd2 Bh6 32.
Nxh5 Nxh5+ 33. Re3 Qg2 34. Kc1 Qxf2 35. Qd7 Bxe3+ 36.
Kb1 Rf8 37. e6 1-0

[Event "*** SCC Grand Prix: Titled Tuesday Blitz"]
[Site "Chess.com"]
[Date "2020.07.07"]
[Round "3"]
[White "Artem_Sadovsky"]
[Black "Rodchenkov_Vitalij"]
[Result "0-1"]
[WhiteElo "2536"]
[BlackElo "2377"]
[TimeControl "180+1"]
[EndTime "10:28:59 PDT"]
[Termination "Rodchenkov_Vitalij won on time"]

1. Nf3 Nf6 2. g3 d5 3. Bg2 Bg4 4. O-O Nbd7 5. b3 e6 6. Bb2 Bd6 7. c4 c6 8. d3 O-O 9. Nbd2 Qc7 10. Qc2 Rac8 11. e4 Rfd8 12. h3 Bh5 13. e5 Bxe5 14.
Nxe5 Nxe5 15. cxd5 exd5 16. Rae1 Re8 17. f4 Ned7 18.
Rxe8+ Rxe8 19. g4 Qb6+ 20. d4 Bg6 21. f5 Bh5 22. gxh5 Nxh5 23. Qd1 Ndf6 24. Re1 Qd8 25. Re5 Nf4 26. Qf3 N6h5 27. Nf1 f6 28. Rxe8+ Qxe8 29. Qe3 Qc8 30. Ng3 Nxg3 31. Bf3 Nxh3+ 32. Kh2 Nf1+ 0-1

[Event "*** SCC Grand Prix: Titled Tuesday Blitz"]
[Site "Chess.com"]
[Date "2020.07.07"]
[Round "3"]
[White "GregShahade"]
[Black "FabianoCaruana"]
[Result "0-1"]
[WhiteElo "2674"]
[BlackElo "2975"]
[TimeControl "180+1"]
[EndTime "10:29:00 PDT"]
[Termination "FabianoCaruana won by resignation"]

1. e4 e5 2. Nf3 Nc6 3. Bb5 a6 4. Ba4 Nf6 5. O-O Bc5 6. c3 b5 7. Bc2 d5 8. d3 h6 9. Nbd2 O-O 10. a4 b4 11. a5 Bg4 12. Re1 Rb8 13. h3 Bh5 14.
Qe2 bxc3 15. bxc3 d4 16. Nb3 Rxb3 17. Bxb3 dxc3 18. g4 Nxg4 19. hxg4 Bxg4 20. Be3 Nd4 21. Bxd4 Bxd4 22. Kg2 Qd6 23. Ra4 Rb8 24. Bd1 Rb2 25.
Qf1 Bxf3+ 26. Bxf3 Qf6 27. Re2 Qg5+ 28. Kh3 c2 29. Rc4 Rb1 30. Re1 Qf4 31. Kg2 Qd2 32.
Rxc2 Qxe1 33. Qxe1 Rxe1 34. Rc6 Ra1 35. Rxa6 Ra2 36.
Ra8+ Kh7 37. a6 Rxf2+ 38. Kg3 Ra2 39. Bd1 Ra3 40. Bc2 g6 41. Rc8 Rxa6 42. Rxc7 Kg7 43.
Bb3 Rf6 44. Bc4 h5 45. Rd7 g5 46. Rb7 Rf4 47. Rd7 h4+ 48. Kh3 Bf2 49. Re7 g4+ 50.
Kg2 h3+ 51. Kh2 Rf3 52. Rxe5 Bg3+ 53. Kg1 Bxe5 0-1

[Event "*** SCC Grand Prix: Titled Tuesday Blitz"]
[Site "Chess.com"]
[Date "2020.07.07"]
[Round "3"]
[White "amylazy"]
[Black "frederiksvane"]
[Result "1-0"]
[WhiteElo "2442"]
[BlackElo "2661"]
[TimeControl "180+1"]
[EndTime "10:29:00 PDT"]
[Termination "amylazy won on time"]

1. d4 Nf6 2. Nf3 e6 3. e3 b6 4. Bd3 Bb7 5. O-O Be7 6. c4 O-O 7. Nc3 d5 8. b3 c5 9. Bb2 Nbd7 10. Qe2 Rc8 11. Rac1 Qc7 12. cxd5 exd5 13. Bf5 Rfd8 14.
Rfd1 Qb8 15. Ne5 Rc7 16. Nb5 Ba6 17. Nxd7 Nxd7 18. dxc5 Rxc5 19. Bxd7 Rxd7 20. Qg4 Bf8 21. Qxd7 Bxb5 22. Qg4 Bc6 23. Bd4 Rxc1 24. Rxc1 Qb7 25. h4 Bd7 26. Qg3 Be6 27. h5 h6 28. a4 Qa6 29. Rc7 Qd3 30. Rc1 Qxb3 31. a5 bxa5 32. Bxa7 a4 33. Bd4 a3 34. Ra1 a2 35. Qf3 Qb1+ 36. Qd1 1-0

[Event "*** SCC Grand Prix: Titled Tuesday Blitz"]
[Site "Chess.com"]
[Date "2020.07.07"]
[Round "3"]
[White "Xeniya2005"]
[Black "Natalya_Buksa"]
[Result "0-1"]
[WhiteElo "2361"]
[BlackElo "2553"]
[TimeControl "180+1"]
[EndTime "10:29:00 PDT"]
[Termination "Natalya_Buksa won by resignation"]

1. e4 c5 2. f4 d5 3. e5 Nc6 4.
Nf3 Bg4 5. Be2 Qd7 6. O-O d4 7.
d3 e6 8. Nbd2 Nge7 9. Ne4 Nd5 10. Bd2 Be7 11. h3 Bf5 12. Ng3 Bg6 13. Qe1 O-O-O 14. Qf2 f6 15. exf6 gxf6 16. a3 Rhg8 17.
b4 cxb4 18. axb4 Bxb4 19. Bxb4 Ndxb4 20. Rfc1 e5 21. f5 Bf7 22. c3 dxc3 23. Rxc3 Kb8 24.
Ne4 Qxf5 25. Kh1 Bd5 26. Nc5 Nd4 27. Rf1 Nxf3 28. Bxf3 Bxf3 29. Qxf3 Qxf3 30. Rxf3 Rc8 31. Rxf6 Nd5 32. Nd7+ Ka8 33. Rxc8+ Rxc8 34. Rd6 Nf4 35.
Nxe5 b5 36. Rd4 Ne2 37. Rd7 b4 38. Nc4 b3 39. Re7 Rxc4 40. Rxe2 Rc2 41. Re4 b2 42.
Rb4 Rc1+ 43. Kh2 b1=Q 0-1

[Event "*** SCC Grand Prix: Titled Tuesday Blitz"]
[Site "Chess.com"]
[Date "2020.07.07"]
[Round "3"]
[White "fighter2jz"]
[Black "GothamChess"]
[Result "1-0"]
[WhiteElo "2797"]
[BlackElo "2576"]
[TimeControl "180+1"]
[EndTime "10:29:01 PDT"]
[Termination "fighter2jz won on time"]

1. e4 c6 2. d4 d5 3. e5 Bf5 4.
Nc3 e6 5. g4 Bg6 6. Nge2 c5 7.
Be3 Nc6 8. f4 Qh4+ 9. Ng3 cxd4 10.
Bxd4 a6 11. Bf2 h5 12. gxh5 Bxh5 13. Nxh5 Qxh5 14. Be2 Qf5 15. Qd2 d4 16. O-O-O O-O-O 17. Na4 Bb4 18. c3 dxc3 19. Nb6+ Kc7 20. Na8+ Kc8 21.
Nb6+ Kc7 22. Qxd8+ Nxd8 23. Rd7+ Kc6 24. Bf3+ Kb5 25. a4+ Ka5 26. Nc4+ Kxa4 27. Rd4 cxb2+ 28. Kxb2 Nc6 29. Nd6 Ka5 30. Ra1+ 1-0

[Event "*** SCC Grand Prix: Titled Tuesday Blitz"]
[Site "Chess.com"]
[Date "2020.07.07"]
[Round "3"]
[White "Isajevsky_Anton"]
[Black "Gordima"]
[Result "1-0"]
[WhiteElo "2536"]
[BlackElo "2733"]
[TimeControl "180+1"]
[EndTime "10:29:01 PDT"]
[Termination "Isajevsky_Anton won on time"]

1. c4 e6 2. Nf3 d5 3. e3 Nf6 4. Nc3 c5 5. cxd5 exd5 6. d4 a6 7. b3 Nc6 8. Bb2 Bd6 9. dxc5 Bxc5 10. Be2 O-O 11. O-O Bg4 12. Nd4 Bxd4 13. Bxg4 Be5 14. Bf3 Qd6 15. g3 Rad8 16. Bg2 Qb4 17. a3 Qb6 18. Na4 Qc7 19. Bxe5 Qxe5 20. Nc5 Qe7 21. Rc1 d4 22. exd4 Nxd4 23. Re1 Ne6 24. Qe2 Rfe8 25.
Nxb7 Rb8 26. Qxa6 Ra8 27. Qd6 Rxa3 28. Qxe7 Rxe7 29. Nc5 h5 30. Bh3 Ng4 31. f3 Nf6 32. Nxe6 fxe6 33. Bxe6+ Kh8 34. Bc4 Re2 35. Rxe2 1-0

[Event "*** SCC Grand Prix: Titled Tuesday Blitz"]
[Site "Chess.com"]
[Date "2020.07.07"]
[Round "3"]
[White "BillieKimbah"]
[Black "Zhani-Z"]
[Result "1-0"]
[WhiteElo "2880"]
[BlackElo "2455"]
[TimeControl "180+1"]
[EndTime "10:29:01 PDT"]
[Termination "BillieKimbah won on time"]

1. Nf3 Nf6 2. g3 d5 3. Bg2 c6 4.
c4 dxc4 5. O-O Nbd7 6. Qc2 Nb6 7. a4 a5 8. Na3 Be6 9. Ng5 Bg4 10. Nxc4 Bxe2 11.
Ne5 Bh5 12. Re1 h6 13. Ne4 e6 14. Nxf6+ gxf6 15. Bxc6+ bxc6 16. Qxc6+ Ke7 17. Qb7+ Ke8 18.
Qc6+ Ke7 19. Qc5+ Qd6 20. Nc6+ Kd7 21. Qxh5 Qxc6 22. b4 axb4 23. Bb2 Be7 24. Qxf7 Raf8 25. Qh5 Nd5 26. Rac1 Qa6 27. Re4 Rhg8 28. Rce1 f5 29.
Rxe6 Qxe6 30. Rxe6 Kxe6 31. Qe2+ Kd6 32. Qe5+ Kc6 33.
Qe6+ Bd6 34. Be5 1-0